 Dungeon Crawl Stone Soup version 0.25-a0-576-g50b708a4c4 (webtiles) character file.

Game seed: 17887467278047938518, levelgen mode: classic

64139 EnegeticOcto the Pandemonic (level 14, -1/208 HPs)
             Began as a Deep Dwarf Fighter on Mar 1, 2020.
             Was a High Priest of Makhleb.
             Succumbed to a redback's poison
             ... on level 4 of the Spider Nest.
             The game lasted 00:12:04 (12307 turns).

EnegeticOcto the Pandemonic (Deep Dwarf Fighter)   Turns: 12307, Time: 00:12:05

Health: -1/208     AC: 33    Str: 25    XL:     14   Next: 70%
Magic:  1/3        EV:  2    Int:  9    God:    Makhleb [*****.]
Gold:   1081       SH:  0    Dex: 12    Spells: 13/13 levels left

rFire    . . .     SeeInvis .   c - +7 battleaxe (flame)
rCold    . . .     Gourm    .   (shield currently unavailable)
rNeg     + + +     Faith    .   (armour currently unavailable)
rPois    +         Spirit   .   (helmet currently unavailable)
rElec    .         Reflect  .   (cloak currently unavailable)
rCorr    .         Harm     +   (gloves currently unavailable)
MR       ++...     NoTele   +   (boots currently unavailable)
Stlth    +.........             v - amulet of harm
HPRegen  0.00/turn              B - +6 ring of protection {=R}
MPRegen  0.08/turn              (no ring)

@: lethally poisoned (-1 -> -79), tree-form, non-regenerating
A: damage resistance, heal wounds, negative energy resistance 1, sense
surroundings 2, no regeneration
a: Heal Wounds, Minor Destruction, Lesser Servant of Makhleb, Major Destruction,
Greater Servant of Makhleb, Renounce Religion


You were on level 4 of the Spider Nest.
You worshipped Makhleb.
Makhleb was extremely pleased with you.
You were full.
You were a tree.
You visited 4 branches of the dungeon, and saw 22 of its levels.
You also visited: Gauntlet.

You collected 1081 gold pieces.

Inventory:

Hand Weapons
 c - a +7 battleaxe of flaming (weapon)
 F - the +4 battleaxe of Radophuguod {vorpal, rElec}
   (You found it on level 3 of the Lair of Beasts)

   It inflicts extra damage upon your enemies.
   It insulates you from electricity.
Missiles
 x - 3 throwing nets (quivered)
Armour
 b - the +2 cloak of Widix (melded) {rPois MR+}
   (You acquired it on level 8 of the Dungeon)

   It protects you from poison.
   It affects your resistance to hostile enchantments.
   If you remove this armour, your AC will remain unchanged.
 p - a +1 pair of gloves (melded)
 r - a +2 plate armour of fire resistance (melded)
 A - the cursed +0 helmet of Gravitas (melded) {Int+4}
   (You found it in a Gauntlet)

   It affects your intelligence (+4).
   If you remove this armour, your AC will remain unchanged.
   It has a curse placed upon it.
Jewellery
 v - an amulet of harm (around neck)
 B - a +6 ring of protection (left branch) {=R}
Wands
 d - a wand of acid (8) {@v1}
 h - a wand of digging (4) {@v2}
 w - a wand of paralysis (21)
 y - a wand of flame (35)
 z - a wand of iceblast (10)
Scrolls
 f - 3 scrolls of blinking {@r3}
 i - 4 scrolls of magic mapping {@r5}
 l - 11 scrolls of remove curse {@r6}
 m - 8 scrolls of enchant armour
 u - 5 scrolls of teleportation {@r2}
 E - a scroll of fear
Potions
 j - 2 potions of stabbing {@q5}
 k - a potion of might {@q3}
 n - 3 potions of haste {@q4}
 o - 2 potions of heal wounds {@q2}
 q - a potion of cancellation
 s - 2 potions of magic
 t - 4 potions of flight
Miscellaneous
 C - a lamp of fire (inert)
Comestibles
 e - 31 rations
 G - 2 chunks of flesh


   Skills:
 * Level 12.7 Fighting
 * Level 14.6 Axes
 + Level 11.0 Armour
 + Level 5.1 Dodging
   Level 9.8 Shields
 * Level 14.8 Invocations


You had 13 spell levels left.
You didn't know any spells.
Your spell library was empty.

Dungeon Overview and Level Annotations

Branches:
Dungeon (13/15)            Temple (1/1) D:6            Lair (4/6) D:8
 Shoals (0/4) Lair:4       Spider (4/4) Lair:4          Orc (0/2) D:10
Gauntlet (visited)
 Vaults: D:13-14

Altars:
Ashenzari
Cheibriados
Dithmenos
Elyvilon
Fedhas
Gozag
Hepliaklqana
Kikubaaqudgha
Makhleb
Nemelex Xobeh
Okawaru
Qazlal
Ru
Sif Muna
Trog
Uskayaw
Vehumet
Xom
Yredelemnul
Zin
The Shining One

Shops:
D:6 [   D:7 :   D:13 ([=(

Annotations:
D:4 2 transporters
D:9 1 exclusion
Lair:1 exclusion: oklob plant


Innate Abilities, Weirdness & Mutations

You are resistant to damage.
You can heal yourself by infusing magical energy.
You resist negative energy. (rN+)
You passively map the area around you.
You do not regenerate.


Message History

The redback barely misses you. The redback bites you.
You are lethally poisoned!
The redback poisons you!
A hornet comes into view.
The redback barely misses your cacodemon.
Your cacodemon gestures at the redback.
The bolt of energy hits the redback!!!
The redback is blown up!
Makhleb accepts your kill.
A redback comes into view.
The emperor scorpion stings your cacodemon!
Your cacodemon dies!
The redback bites your cacodemon but does no damage.
You feel you are being watched by something.
The redback bites you but does no damage.
The emperor scorpion completely misses you.
The emperor scorpion claws you but does no damage. x2
The hornet is caught in a web!
You slice the emperor scorpion!! You burn the emperor scorpion!
You kill the emperor scorpion!
Makhleb accepts your kill.
You feel better.
You hit the emperor scorpion but do no damage.
You slash the redback! You burn the redback!
You kill the redback!
Makhleb accepts your kill.
You feel better.
You slash the wolf spider! You burn the wolf spider.
You feel extremely sick.
You hear an angry hiss. x5
The redback bites your cacodemon!
A redback comes into view.
The jumping spider leaps!
You feel you are being watched by something.
Your cacodemon barely misses the redback. x2
The hornet struggles to get unstuck from the web.
The emperor scorpion stings you!
The emperor scorpion claws you but does no damage.
The emperor scorpion claws you. The wolf spider hits you!
The wolf spider bites you but does no damage.
You hear an angry hiss. x3
You miss the redback. You hit the wolf spider. You burn the wolf spider.
You slice something!! You burn something. You barely miss the emperor scorpion.
You feel extremely sick.
A wolf spider comes into view.
You feel you are being watched by something.
Something hits you!
Deactivating autopickup; reactivate with Ctrl-A.
Something hits you but does no damage. Something stings you.
The hornet pulls away from the web.
Your cacodemon hits the redback! Your cacodemon hits the redback.
The redback barely misses your cacodemon.
The wolf spider hits you but does no damage.
The wolf spider barely misses you.
The redback bites you but does no damage.
The emperor scorpion stings you!
The emperor scorpion claws you but does no damage. x2
Something hits you but does no damage. x2
Something stings you but does no damage.
You barely miss the redback. You slash the wolf spider!
You burn the wolf spider. You hit something but do no damage.
You hit the emperor scorpion but do no damage.
You feel extremely sick. The redback bites your cacodemon!
The wolf spider hits you!
* * * LOW HITPOINT WARNING * * *
The wolf spider bites you but does no damage.
Your cacodemon misses the redback. Your cacodemon hits the redback!
The redback dies!
Makhleb accepts your kill.
The redback bites you but does no damage.
Something hits you but does no damage. x2
Something stings you but does no damage.
The emperor scorpion stings you!
* * * LOW HITPOINT WARNING * * *
The emperor scorpion claws you.
* * * LOW HITPOINT WARNING * * *
The emperor scorpion claws you but does no damage.
The wolf spider hits you but does no damage.
The wolf spider bites you but does no damage.
Your magical essence is drained by the effort!
You feel much better.
* * * LOW HITPOINT WARNING * * *
You feel extremely sick. The redback bites you!
* * * LOW HITPOINT WARNING * * *
Your cacodemon hits the redback! x2
The wolf spider hits you but does no damage.
The wolf spider bites you!
* * * LOW HITPOINT WARNING * * *
Something hits you but does no damage. x2
Something stings you but does no damage.
The redback bites your cacodemon. The emperor scorpion stings you!
* * * LOW HITPOINT WARNING * * *
The emperor scorpion claws you!
* * * LOW HITPOINT WARNING * * *
The emperor scorpion claws you but does no damage.
The redback bites you but does no damage.
You barely miss the redback. You slash the emperor scorpion!
You burn the emperor scorpion. You closely miss something.
You closely miss the wolf spider.
You die...

, * ^ , ,, ,^ ..... * ,
..... ^ , , , , ^ .... ,
,, , ,,^ ..^ ^ ,, , , , ^
^≈^** ≈######## ,, ^
,..., * ....^.^≈########
≈^^.. , ,^
....^^.......≈^#####s^.^.
,
.^.†.^.^.#......♣sss^##./
,
....^...^......{ssss..^..
,
..^†...........ysss†.....
, , ,
....^.≈..^†.......2s.....
.########.^.....≈^^^.†.^.
...≈ ###^...≈^##.^.s.. ,,
, ...^ , ###^≈^## .##...
, , ..... * #####^ ^.≈...
,, , ..... , ^ ^^ ... ..
*


You could see an emperor scorpion, 2 wolf spiders, a hornet, 2 jumping spiders,
8 redbacks and a friendly cacodemon.

Vanquished Creatures
  Rupert (D:13)
  An emperor scorpion (Spider:4)
  An entropy weaver (Spider:2)
  A spark wasp (Spider:4)
  A minotaur (Gauntlet)
  Snorg (D:12)
  Josephine (D:11)
  Erolcha (D:9)
  Fannar (D:11)
  2 hydras
  A centaur warrior (D:13)
  3 two-headed ogres
  Urug (D:11)
  Nergalle (D:11)
  An unseen horror (D:10)
  An obsidian statue (Gauntlet)
  Pikel (D:6)
  13 wolf spiders
  2 orb spiders
  A harpy (shapeshifter) (D:13)
  2 ugly things
  2 deep elf magi (D:13)
  2 cyclopes (D:13)
  2 manticores
  3 centaur zombies
  3 black mambas
  A merfolk siren (Lair:4)
  An apocalypse crab (Gauntlet)
  A gargoyle (D:11)
  3 spiny frogs
  Maggie (D:7)
  3 kobold demonologists
  An efreet (D:13)
  2 komodo dragons
  A demonic crawler (Spider:3)
  4 trolls
  3 meliai (Lair:4)
  A queen bee (Lair:4)
  10 jumping spiders
  9 blink frogs
  11 slime creatures
  Grinder (D:6)
  3 hornets
  7 dream sheep (Lair:4)
  3 hippogriffs
  A spriggan (D:13)
  6 wraiths
  2 tarantellas
  21 redbacks
  19 yaks
  2 wyverns
  2 basilisks
  A steam dragon (D:10)
  A hungry ghost (D:11)
  4 vampire mosquitoes (D:13)
  Duvessa (D:7)
  6 water moccasins
  4 porcupines
  3 ice beasts
  5 sky beasts
  8 orc warriors
  A black bear (D:13)
  2 slaves (D:6)
  5 ogres
  5 wolves (Lair:3)
  2 eyes of draining
  9 centaurs
  A necrophage (D:13)
  5 crocodiles
  6 big kobolds
  15 bullfrogs
  Dowan (D:7)
  A wyvern skeleton (D:7)
  A water moccasin skeleton (D:12)
  3 scorpions
  21 killer bees
  10 wights
  2 howler monkeys
  4 crimson imps
  A quasit (D:7)
  2 jellies
  3 hounds
  7 orc priests
  14 orc wizards
  3 bullfrog skeletons
  3 iguanas
  13 worker ants
  A killer bee zombie (D:5)
  2 hound zombies
  A hound skeleton (D:4)
  3 gnolls (D:4)
  11 adders
  4 shadow imps
  An adder zombie (D:8)
  An adder skeleton (D:6)
  2 worms (Lair:4)
  A dart slug (D:1)
  4 leopard geckos
  64 orcs
  2 ball pythons (D:3)
  6 giant cockroaches
  3 goblins
  4 hobgoblins
  8 jackals
  27 kobolds
  3 quokkas
  A bat (D:3)
  2 frilled lizards (D:2)
  A jackal skeleton (D:7)
  A leopard gecko zombie (D:9)
  4 rats
  A fungus (Lair:2)
  A plant (Lair:3)
501 creatures vanquished.

Vanquished Creatures (collateral kills)
  Jorgrun (D:13)
  5 wolf spiders
  4 orb spiders
  A manticore (D:12)
  3 jumping spiders (Spider:4)
  A hornet (Spider:4)
  A tarantella (Spider:4)
  17 redbacks
  A big kobold (D:13)
  4 killer bees (Lair:4)
38 creatures vanquished.

Vanquished Creatures (others)
  A kobold demonologist (D:9)
  A slime creature (D:13)
  A black bear (D:9)
  A bullfrog (D:9)
  A quasit (D:9)
  A hound (D:9)
  An iguana (D:9)
  An orc (D:9)
  A fungus (Lair:4)
  5 plants
14 creatures vanquished.

Grand Total: 553 creatures vanquished

Notes
Turn   | Place    | Note
-------+----------+-------------------------------------------
     0 | D:1      | EnegeticOcto the Deep Dwarf Fighter began the quest for the
                  | Orb.
     0 | D:1      | Reached XP level 1. HP: 20/20 MP: 1/1
   163 | D:1      | Reached XP level 2. HP: 27/27 MP: 2/2
   583 | D:2      | Reached XP level 3. HP: 30/34 MP: 3/3
   943 | D:4      | Found a transporter.
   944 | D:4      | Found a transporter.
   992 | D:4      | Reached XP level 4. HP: 28/42 MP: 4/4
  1121 | D:4      | Reached XP level 5. HP: 28/50 MP: 5/5
  1128 | D:4      | Found a stormy altar of Qazlal.
  1290 | D:4      | Reached XP level 6. HP: 32/57 MP: 6/6
  1384 | D:5      | Entered Level 5 of the Dungeon
  1492 | D:5      | Found a bloodstained altar of Trog.
  1492 | D:5      | Found a shadowy altar of Dithmenos.
  1495 | D:5      | Found a hazy altar of Hepliaklqana.
  1542 | D:5      | Reached skill level 5 in Axes
  1972 | D:6      | Noticed Grinder
  1975 | D:6      | Found Enepnoid's Armour Shop.
  1986 | D:6      | Reached XP level 7. HP: 50/66 MP: 4/4
  1996 | D:6      | Reached skill level 5 in Fighting
  2013 | D:6      | Killed Grinder
  2013 | D:6      | Reached skill level 5 in Armour
  2013 | D:6      | Reached skill level 5 in Shields
  2048 | D:6      | Found a staircase to the Ecumenical Temple.
  2058 | Temple   | Entered the Ecumenical Temple
  2448 | D:6      | Reached XP level 8. HP: 63/75 MP: 5/5
  2516 | D:6      | Found a basalt altar of Yredelemnul.
  2711 | D:6      | Noticed Pikel
  2735 | D:6      | Killed Pikel
  3097 | D:6      | Gained mutation: You passively map the area around you.
                  | [Deep Dwarf growth]
  3097 | D:6      | Reached XP level 9. HP: 59/85 MP: 4/4
  3163 | D:6      | Found a burning altar of Makhleb.
  3181 | D:6      | Became a worshipper of Makhleb the Destroyer
  3272 | D:7      | Reached skill level 1 in Invocations
  3501 | D:7      | Noticed Maggie
  3528 | D:7      | Killed Maggie
  3585 | D:7      | Noticed Duvessa
  3585 | D:7      | Noticed Dowan
  3598 | D:7      | Killed Duvessa
  3616 | D:7      | Killed Dowan
  3636 | D:7      | Found Jazxapag's Book Emporium.
  3841 | D:7      | Reached * piety under Makhleb
  4570 | D:8      | Noticed a troll
  4582 | D:8      | Killed a troll
  4582 | D:8      | Reached skill level 5 in Invocations
  4582 | D:8      | Reached XP level 10. HP: 51/96 MP: 7/7
  4682 | D:8      | Found a sparkling altar of Nemelex Xobeh.
  4747 | D:8      | Identified a scroll of acquirement
  4747 | D:8      | Identified the +2 cloak of Widix {rPois MR+} (You acquired
                  | it on level 8 of the Dungeon)
  4747 | D:8      | Identified the ring of the Battered Stories {rElec Stlth+}
                  | (You acquired it on level 8 of the Dungeon)
  4850 | D:8      | Found a staircase to the Lair.
  5344 | D:9      | Found an opulent altar of Gozag.
  5386 | D:9      | Found a shimmering altar of Xom.
  5442 | D:9      | Reached ** piety under Makhleb
  5625 | D:9      | Noticed a two-headed ogre
  5637 | D:9      | Killed a two-headed ogre
  5637 | D:9      | Reached skill level 10 in Axes
  5700 | D:9      | Noticed Erolcha
  5748 | D:9      | Killed Erolcha
  6041 | D:10     | Entered Level 10 of the Dungeon
  6078 | D:10     | Reached *** piety under Makhleb
  6111 | D:10     | Reached XP level 11. HP: 105/106 MP: 6/6
  6425 | D:10     | Found a staircase to the Orcish Mines.
  6450 | D:10     | Found a hide-covered altar of Uskayaw.
  6487 | D:10     | Killed an unseen horror
  6706 | D:10     | Noticed a two-headed ogre
  6716 | D:10     | Killed a two-headed ogre
  6921 | D:11     | Paralysed by fainting for 10 turns
  6973 | D:11     | Noticed Fannar
  6975 | D:11     | Noticed Nergalle
  7038 | D:11     | Killed Fannar
  7042 | D:11     | Killed Nergalle
  7113 | D:11     | Noticed Urug
  7134 | D:11     | Reached **** piety under Makhleb
  7137 | D:11     | Killed Urug
  7168 | D:11     | Noticed Josephine
  7185 | D:11     | Killed Josephine
  7194 | D:11     | Reached skill level 10 in Fighting
  7194 | D:11     | Reached skill level 10 in Invocations
  7309 | D:11     | Noticed a red ugly thing
  7317 | D:11     | Killed a red ugly thing
  7317 | D:11     | Reached XP level 12. HP: 61/116 MP: 6/6
  7854 | D:12     | Noticed Snorg
  7885 | D:12     | Killed Snorg
  8129 | D:12     | Noticed a two-headed ogre
  8137 | D:12     | Killed a two-headed ogre
  8389 | D:13     | Reached ***** piety under Makhleb
  8390 | D:13     | Found Zineamp's Antique Weapon Shoppe.
  8411 | D:13     | Noticed a centaur warrior
  8415 | D:13     | Found a gate leading to a gauntlet.
  8423 | D:13     | Killed a centaur warrior
  8430 | Gauntlet | Entered a Gauntlet
  8430 | Gauntlet | Found a transporter.
  8434 | Gauntlet | Found a transporter.
  8434 | Gauntlet | Found a runed translucent door.
  8436 | Gauntlet | Found a transporter.
  8439 | Gauntlet | Found a transporter.
  8440 | Gauntlet | Found a transporter.
  8448 | Gauntlet | Found a transporter.
  8456 | Gauntlet | Found a transporter.
  8480 | Gauntlet | Found a transporter.
  8520 | Gauntlet | Found a runed translucent door.
  8522 | Gauntlet | Found a transporter.
  8524 | Gauntlet | Found a runed translucent door.
  8534 | Gauntlet | Found a transporter.
  8538 | Gauntlet | Found a transporter.
  8559 | Gauntlet | Found a transporter.
  8668 | Gauntlet | Got a brightly glowing helmet
  8674 | Gauntlet | Identified the cursed +0 helmet of Gravitas {Int+4} (You
                  | found it in a Gauntlet)
  8738 | Gauntlet | Identified the ring "Gucwi" {*Tele rN+ Dex+4}
  8738 | Gauntlet | Noticed a minotaur
  8757 | Gauntlet | Killed a minotaur
  8870 | D:13     | Noticed Jorgrun
  8894 | D:13     | Killed Jorgrun
  8894 | D:13     | Reached XP level 13. HP: 68/127 MP: 0/2
  8947 | D:13     | Found Fuhu Vaa's Antique Armour Shop.
  8988 | D:13     | Found Juaffu's Antique Weapon Boutique.
  9000 | D:13     | Noticed Rupert
  9029 | D:13     | Killed Rupert
  9162 | D:13     | Found Kuer's Jewellery Boutique.
  9169 | D:13     | Reached skill level 1 in Dodging
  9275 | Lair:1   | Entered Level 1 of the Lair of Beasts
  9643 | Lair:2   | Reached skill level 10 in Armour
 10584 | Lair:3   | Identified the +4 battleaxe of Radophuguod {vorpal, rElec}
                  | (You found it on level 3 of the Lair of Beasts)
 11097 | Lair:4   | Found a hole to the Spider Nest.
 11118 | Lair:4   | Reached ****** piety under Makhleb
 11425 | Lair:4   | Found a staircase to the Shoals.
 11468 | Lair:4   | Gained mutation: You resist negative energy. (rN+) [Deep
                  | Dwarf growth]
 11468 | Lair:4   | Reached XP level 14. HP: 105/138 MP: 4/4
 11948 | Spider:1 | Entered Level 1 of the Spider Nest
 12091 | Spider:2 | Noticed an entropy weaver
 12103 | Spider:2 | Killed an entropy weaver
 12170 | Spider:4 | Entered Level 4 of the Spider Nest
 12287 | Spider:4 | Noticed an emperor scorpion
 12288 | Spider:4 | Noticed an emperor scorpion
 12299 | Spider:4 | Reached skill level 5 in Dodging
 12303 | Spider:4 | Killed an emperor scorpion
 12306 | Spider:4 | HP: 7/208 [emperor scorpion (8)]
 12307 | Spider:4 | Succumbed to a redback's poison

Levels and vault maps discovered:
D:1:      dpeg_cavernosity, layout_basic, chequers_serial_rivers_room_a,
          minmay_pentomino_r4
D:2:      layout_loops_ring
D:3:      layout_basic, nicolae_overflow_hidden_temple, first_ration,
          uniq_terence
D:4:      layout_rooms, grunt_qazlal_sundering, gammafunk_ghost_gnarly_gnolls,
          kennysheep_generic_room_13
D:5:      layout_loops_cross, gammafunk_temple_overflow_claw
D:6:      layout_basic, kennysheep_mini, bloody_makhleb,
          minmay_temple_entry_water_ring, serial_shops, shop,
          grunt_ministairs_12, interstate_on_off, uniq_pikel, uniq_grinder
D:7:      layout_basic, serial_glass, glass_columns_a, glass_columns_c,
          serial_shops, shop, uniq_duvessa, uniq_maggie
D:8:      layout_gridville, dpeg_oklobed_lair, nemelex_spade_bored_becter
D:9:      layout_basic, marbit_many_paths, xom_confusion_cloud, uniq_erolcha
D:10:     layout_basic, david_orc_2, lemuel_altar_in_water
D:11:     layout_rooms, uniq_nergalle, uniq_josephine, uniq_fannar, uniq_urug
D:12:     layout_irregular_city, uniq_snorg
D:13:     layout_loops_ring, serial_shops, kennysheep_mini_moat, shop, shop,
          shop, shop_statue, basic_altar, gauntlet_entry_generic,
          hangedman_stone_soup, minmay_misc_feat_nine_boxes, nicolae_wwwww,
          minivault_10, uniq_rupert, uniq_jorgrun
Temple:   eino_temple_lava
Lair:1:   layout_hall_layers, minmay_lair_oklob_chamber
Lair:2:   layout_layer_cave, minivault_25
Lair:3:   layout_chaotic_city, serial_bayou_shore_b, grunt_megastairs_3
Lair:4:   layout_roguey [special_room_bee], minmay_shoals_entry_lonely_mermaid,
          nicolae_spider_entry_non_spiders, lemuel_fruit_fields
Spider:1: cheibrodos_forgotten_conduit
Spider:2: layout_spider_delve
Spider:3: layout_spider_delve
Spider:4: grunt_spider_rune_parallel

Skill      XL: |  1  2  3  4  5  6  7  8  9 10 11 12 13 14 |
---------------+-------------------------------------------+-----
Fighting       | 3 4 5 6 8 9 10 11 12 | 12.7
Axes           | 3 4 5 6 7 9 10 11 12 13 14 | 14.6
Armour         | 4 5 6 7 8 9 10 11 | 11.0
Shields        | 4 5 6 7 8 9 |  9.8
Invocations    | 5 7 10 12 13 14 | 14.8
Dodging        | 3 5 |  5.1

Action                   |  1- 3 |  4- 6 |  7- 9 | 10-12 | 13-15 || total
-------------------------+-------+-------+-------+-------+-------++-------
Melee: War axe           |    84 |    96 |   433 |   793 |    40 ||  1446
       Battleaxe         |       |       |       |       |   345 ||   345
Invok: Lesser Servant of |       |       |       |     3 |     6 ||     9
       Greater Servant o |       |       |       |       |     5 ||     5
 Abil: Heal Wounds       |       |     4 |    16 |    43 |    16 ||    79
Evoke: Wand              |       |       |       |     4 |     1 ||     5
       Lamp of fire      |       |       |       |       |     2 ||     2
       Phantom mirror    |       |       |       |       |     1 ||     1
  Use: Scroll            |       |    15 |     2 |     8 |     7 ||    32
       Potion            |       |       |       |     2 |     7 ||     9
 Stab: Distracted        |       |       |       |       |     1 ||     1
  Eat: Chunk             |       |     4 |     6 |    17 |     4 ||    31
       Ration            |       |       |     1 |       |     4 ||     5
Armor: Scale mail        |    40 |    53 |    15 |       |       ||   108
       Plate armour      |       |       |   227 |   592 |   447 ||  1266
       Skin              |       |       |       |       |    34 ||    34
Dodge: Dodged            |    31 |    43 |    81 |   182 |   251 ||   588
Block: Kite shield       |    51 |    69 |   223 |   538 |    23 ||   904

Table legend:
 A = Non-vault XP
 B = Vault XP
 C = Vault XP percentage of total XP
 D = Non-vault monster count
 E = Vault monster count
 F = Vault count percentage of total count
                 A         B        C        D         E       F
            +---------+---------+-------+---------+---------+-------
      Total |   58657 |   32971 |  36.0 |     421 |     114 |  21.3
            +---------+---------+-------+---------+---------+-------
        D:1 |      18 |       0 |   0.0 |       8 |       0 |   0.0
        D:2 |      32 |       0 |   0.0 |      12 |       0 |   0.0
        D:3 |      12 |       0 |   0.0 |       7 |       0 |   0.0
        D:4 |     365 |       5 |   1.4 |      18 |       2 |  10.0
        D:5 |     296 |       0 |   0.0 |      11 |       0 |   0.0
        D:6 |    1189 |     987 |  45.4 |      38 |       3 |   7.3
        D:7 |    1553 |     605 |  28.0 |      27 |       3 |  10.0
        D:8 |     837 |       0 |   0.0 |      22 |       0 |   0.0
        D:9 |    3527 |    1059 |  23.1 |      36 |       2 |   5.3
       D:10 |    3482 |     412 |  10.6 |      28 |       8 |  22.2
       D:11 |    3870 |    4551 |  54.0 |      27 |       8 |  22.9
       D:12 |    5959 |    1061 |  15.1 |      40 |       1 |   2.4
       D:13 |    7585 |    6250 |  45.2 |      36 |       6 |  14.3
     Temple |     130 |       0 |   0.0 |       1 |       0 |   0.0
     Lair:1 |     623 |       0 |   0.0 |       2 |       0 |   0.0
     Lair:2 |    2605 |       0 |   0.0 |       9 |       0 |   0.0
     Lair:3 |    4329 |     919 |  17.5 |      24 |       4 |  14.3
     Lair:4 |    7467 |    3042 |  28.9 |      29 |      35 |  54.7
   Spider:1 |    3798 |       0 |   0.0 |      11 |       0 |   0.0
   Spider:2 |    5178 |       0 |   0.0 |      14 |       0 |   0.0
   Spider:3 |     899 |       0 |   0.0 |       2 |       0 |   0.0
   Spider:4 |    4903 |   11787 |  70.6 |      19 |      39 |  67.2
   Gauntlet |       0 |    2293 | 100.0 |       0 |       3 | 100.0
            +---------+---------+-------+---------+---------+-------
